[ AOE2 MATCH · #477386354 ]
UnrankedSlavs vs Berbers
[ REPLAY ANALYSIS · EXTRACTED FROM THE RECORDED GAME ]
Feudal
14:19
Castle
25:38
Imperial
46:48
| APM avg | 31.9 |
| APM peak | 68 |
| eAPM avg | 18.1 |
| Villagers / military | 120 / 190 |
Focus
⚔️ 31.3% · 🌾 68.7%
Militia ×135 · Spearman ×28 · Scout Cavalry ×12 · Battering Ram ×9 · Trebuchet (Packed) ×6
Feudal
11:34
Castle
16:30
Imperial
38:44
| APM avg | 37.4 |
| APM peak | 84 |
| eAPM avg | 18.3 |
| Villagers / military | 120 / 292 |
Focus
⚔️ 30.5% · 🌾 69.5%
Genitour ×125 · Scout Cavalry ×104 · Camel Scout ×49 · Knight ×6 · Camel Archer ×4 · Trebuchet (Packed) ×4
Feudal
10:46
Castle
14:42
Imperial
34:34
| APM avg | 31.3 |
| APM peak | 60 |
| eAPM avg | 15.8 |
| Villagers / military | 109 / 188 |
Focus
⚔️ 36.1% · 🌾 63.9%
Scout Cavalry ×88 · Cavalry Archer ×72 · Battering Ram ×15 · Knight ×13
Feudal
11:27
Castle
—
Imperial
—
| APM avg | 14.0 |
| APM peak | 80 |
| eAPM avg | 7.5 |
| Villagers / military | 44 / 23 |
Focus
⚔️ 22.9% · 🌾 77.1%
Spearman ×22 · Eagle Scout ×1
Feudal
—
Castle
—
Imperial
—
| APM avg | 35.3 |
| APM peak | 60 |
| eAPM avg | 22.6 |
| Villagers / military | 117 / 186 |
Focus
⚔️ 47.4% · 🌾 52.6%
Magyar Huszar ×123 · Cavalry Archer ×42 · Knight ×12 · Battering Ram ×6 · Trebuchet (Packed) ×3
Feudal
12:28
Castle
15:58
Imperial
47:08
| APM avg | 21.3 |
| APM peak | 57 |
| eAPM avg | 15.8 |
| Villagers / military | 123 / 100 |
Focus
⚔️ 22.5% · 🌾 77.5%
Shotel Warrior ×77 · Spearman ×18 · Trebuchet (Packed) ×3 · Monk ×2
Match map
Initial resources + every placement click. Lines = walls · curves = elevation contours. ◆ gold · ⬟ stone · ● berries · ✦ relic · ◌ wall gap
Inputs per minute
— WaffNub - - BoogStasher3000
Build order — WaffNub
First 150 of 425 actions detected
| 1:16 | Build | Town Center |
| 3:13 | Create | Villager (Male) |
| 3:14 | Create | Villager (Male) |
| 3:14 | Create | Villager (Male) |
| 3:14 | Create | Villager (Male) |
| 3:21 | Build | House |
| 3:21 | Build | House |
| 3:22 | Build | House |
| 4:26 | Build | House |
| 5:09 | Create | Villager (Male) |
| 5:24 | Create | Villager (Male) |
| 5:24 | Create | Villager (Male) |
| 5:25 | Create | Villager (Male) |
| 5:59 | Create | Villager (Male) |
| 5:59 | Create | Villager (Male) |
| 6:34 | Create | Villager (Male) |
| 6:34 | Create | Villager (Male) |
| 6:58 | Create | Villager (Male) |
| 7:18 | Build | House |
| 7:45 | Create | Villager (Male) |
| 7:50 | Build | House |
| 8:13 | Create | Villager (Male) |
| 8:38 | Create | Villager (Male) |
| 9:06 | Create | Villager (Male) |
| 9:18 | Research | Loom |
| 9:47 | Create | Villager (Male) |
| 9:56 | Build | Mill |
| 10:10 | Create | Villager (Male) |
| 10:17 | Create | Villager (Male) |
| 10:45 | Create | Villager (Male) |
| 11:11 | Build | Lumber Camp |
| 11:14 | Create | Villager (Male) |
| 11:47 | Build | House |
| 11:53 | Build | House |
| 11:59 | Research | Feudal Age |
| 12:12 | Build | Barracks |
| 14:19 | Age | Feudal Age |
| 14:22 | Build | Stable |
| 14:23 | Build | Stable |
| 14:46 | Build | Blacksmith |
| 14:48 | Build | House |
| 14:50 | Build | House |
| 14:54 | Create | Villager (Male) |
| 14:54 | Create | Villager (Male) |
| 14:55 | Create | Villager (Male) |
| 14:55 | Create | Villager (Male) |
| 15:03 | Create | Scout Cavalry |
| 15:10 | Create | Scout Cavalry |
| 15:10 | Create | Scout Cavalry |
| 15:13 | Research | Horse Collar |
| 15:14 | Create | Scout Cavalry |
| 15:17 | Create | Scout Cavalry |
| 15:18 | Create | Scout Cavalry |
| 15:19 | Create | Villager (Male) |
| 15:23 | Create | Villager (Male) |
| 15:33 | Build | House |
| 15:53 | Research | Scale Barding Armor |
| 15:54 | Research | Forging |
| 15:56 | Create | Scout Cavalry |
| 15:57 | Create | Scout Cavalry |
| 16:21 | Create | Scout Cavalry |
| 16:22 | Create | Scout Cavalry |
| 16:40 | Build | Farm |
| 16:40 | Build | Farm |
| 16:41 | Build | Farm |
| 16:41 | Build | Farm |
| 16:42 | Build | Farm |
| 16:43 | Build | Farm |
| 16:46 | Build | Farm |
| 16:47 | Build | Farm |
| 16:47 | Build | Farm |
| 16:48 | Build | Farm |
| 16:48 | Build | Farm |
| 16:49 | Build | Farm |
| 17:31 | Create | Scout Cavalry |
| 17:31 | Create | Scout Cavalry |
| 17:38 | Create | Villager (Male) |
| 17:46 | Build | Mill |
| 17:46 | Build | Farm |
| 17:47 | Build | Farm |
| 17:47 | Build | Farm |
| 17:47 | Build | Farm |
| 17:48 | Build | Farm |
| 17:48 | Build | Farm |
| 17:48 | Build | Farm |
| 17:48 | Build | Farm |
| 17:48 | Build | Farm |
| 18:05 | Create | Villager (Male) |
| 18:06 | Create | Villager (Male) |
| 18:45 | Create | Villager (Male) |
| 19:21 | Create | Villager (Male) |
| 19:21 | Create | Villager (Male) |
| 19:22 | Create | Villager (Male) |
| 19:46 | Build | Mining Camp |
| 19:47 | Create | Villager (Male) |
| 19:54 | Research | Double-Bit Axe |
| 20:02 | Build | Mill |
| 20:03 | Build | Farm |
| 20:03 | Build | Farm |
| 20:04 | Build | Farm |
| 20:05 | Build | Farm |
| 20:05 | Build | Farm |
| 20:24 | Create | Villager (Male) |
| 20:24 | Create | Villager (Male) |
| 20:57 | Create | Villager (Male) |
| 21:00 | Build | House |
| 21:01 | Build | House |
| 21:03 | Build | House |
| 21:08 | Build | Lumber Camp |
| 22:04 | Build | Market |
| 22:07 | Create | Villager (Male) |
| 22:58 | Research | Castle Age |
| 23:35 | Research | Gold Mining |
| 23:42 | Create | Villager (Male) |
| 23:42 | Create | Villager (Male) |
| 24:03 | Build | Palisade Wall |
| 24:32 | Build | Mining Camp |
| 25:38 | Age | Castle Age |
| 25:40 | Build | Siege Workshop |
| 25:41 | Build | Siege Workshop |
| 26:09 | Build | House |
| 26:16 | Build | Siege Workshop |
| 26:18 | Research | Man-at-Arms (upgrade) |
| 26:19 | Research | Squires |
| 26:20 | Create | Villager (Male) |
| 26:20 | Create | Villager (Male) |
| 26:24 | Build | Barracks |
| 26:25 | Build | Barracks |
| 26:38 | Research | Scale Mail Armor |
| 26:42 | Create | Villager (Male) |
| 26:42 | Create | Villager (Male) |
| 26:56 | Build | Barracks |
| 27:01 | Create | Villager (Male) |
| 27:05 | Research | Long Swordsman (upgrade) |
| 27:08 | Research | Iron Casting |
| 27:19 | Create | Villager (Male) |
| 27:23 | Create | Battering Ram |
| 27:23 | Create | Battering Ram |
| 27:32 | Create | Militia |
| 27:32 | Create | Militia |
| 27:33 | Create | Militia |
| 27:33 | Create | Militia |
| 27:33 | Create | Militia |
| 27:33 | Create | Militia |
| 27:33 | Create | Militia |
| 27:38 | Create | Militia |
| 27:38 | Create | Militia |
| 27:45 | Create | Battering Ram |
| 27:47 | Create | Villager (Male) |
| 28:03 | Build | Town Center |
Build order — BoogStasher3000
First 150 of 460 actions detected
| 0:09 | Build | Town Center |
| 2:08 | Create | Villager (Male) |
| 2:09 | Create | Villager (Male) |
| 2:09 | Create | Villager (Male) |
| 2:09 | Create | Villager (Male) |
| 2:12 | Build | House |
| 2:34 | Build | House |
| 3:36 | Create | Villager (Male) |
| 3:36 | Create | Villager (Male) |
| 4:35 | Create | Villager (Male) |
| 4:55 | Create | Villager (Male) |
| 4:55 | Create | Villager (Male) |
| 5:01 | Build | House |
| 5:39 | Build | House |
| 5:47 | Create | Villager (Male) |
| 5:48 | Create | Villager (Male) |
| 5:48 | Create | Villager (Male) |
| 5:53 | Build | House |
| 6:11 | Create | Villager (Male) |
| 6:11 | Create | Villager (Male) |
| 6:50 | Create | Villager (Male) |
| 6:53 | Build | House |
| 7:18 | Build | House |
| 8:20 | Build | Mill |
| 8:27 | Create | Villager (Male) |
| 8:29 | Create | Villager (Male) |
| 8:59 | Build | Lumber Camp |
| 9:24 | Research | Feudal Age |
| 11:03 | Create | Villager (Male) |
| 11:04 | Create | Villager (Male) |
| 11:25 | Build | House |
| 11:31 | Build | House |
| 11:34 | Age | Feudal Age |
| 11:36 | Create | Villager (Male) |
| 11:36 | Create | Villager (Male) |
| 11:56 | Build | Barracks |
| 11:59 | Create | Villager (Male) |
| 12:09 | Build | Blacksmith |
| 12:32 | Create | Villager (Male) |
| 13:10 | Build | Stable |
| 13:45 | Research | Double-Bit Axe |
| 13:48 | Research | Castle Age |
| 13:56 | Build | Palisade Gate |
| 13:59 | Build | Palisade Wall |
| 14:06 | Build | Palisade Wall |
| 14:50 | Build | Building 796 |
| 15:04 | Build | Palisade Wall |
| 15:19 | Research | Horse Collar |
| 15:34 | Build | Mill |
| 16:30 | Age | Castle Age |
| 16:31 | Research | Wheelbarrow |
| 16:33 | Research | Loom |
| 16:39 | Build | Town Center |
| 16:47 | Build | Town Center |
| 16:56 | Research | Bow Saw |
| 17:13 | Create | Scout Cavalry |
| 18:00 | Build | House |
| 18:02 | Build | House |
| 18:05 | Create | Villager (Male) |
| 18:05 | Create | Villager (Male) |
| 18:15 | Create | Villager (Male) |
| 18:15 | Create | Villager (Male) |
| 18:27 | Create | Villager (Male) |
| 18:35 | Create | Camel Scout |
| 18:40 | Build | Farm |
| 18:41 | Build | Farm |
| 18:41 | Build | Farm |
| 18:42 | Build | Farm |
| 18:44 | Build | Farm |
| 18:46 | Create | Villager (Male) |
| 18:46 | Create | Villager (Male) |
| 18:48 | Build | Farm |
| 18:48 | Build | Farm |
| 18:48 | Build | Farm |
| 18:48 | Build | Farm |
| 18:51 | Create | Villager (Male) |
| 19:00 | Create | Villager (Male) |
| 19:00 | Create | Villager (Male) |
| 19:07 | Create | Villager (Male) |
| 19:30 | Build | Farm |
| 19:31 | Create | Villager (Male) |
| 19:35 | Build | Farm |
| 19:36 | Build | Farm |
| 19:49 | Create | Villager (Male) |
| 19:57 | Build | Stable |
| 20:01 | Create | Camel Scout |
| 20:10 | Build | Farm |
| 20:10 | Build | Farm |
| 20:11 | Build | Farm |
| 20:22 | Create | Villager (Male) |
| 20:22 | Create | Villager (Male) |
| 20:22 | Create | Villager (Male) |
| 20:23 | Create | Villager (Male) |
| 20:24 | Create | Villager (Male) |
| 20:30 | Create | Camel Scout |
| 20:49 | Build | Farm |
| 20:49 | Build | Farm |
| 20:51 | Build | House |
| 20:52 | Build | House |
| 20:59 | Create | Camel Scout |
| 21:00 | Create | Camel Scout |
| 21:00 | Create | Camel Scout |
| 21:03 | Create | Villager (Male) |
| 21:19 | Build | Farm |
| 21:19 | Build | Farm |
| 21:21 | Create | Villager (Male) |
| 21:21 | Create | Villager (Male) |
| 21:26 | Build | House |
| 21:29 | Build | House |
| 21:32 | Build | House |
| 21:39 | Create | Camel Scout |
| 21:39 | Create | Camel Scout |
| 21:51 | Create | Villager (Male) |
| 21:56 | Build | Farm |
| 22:01 | Build | Farm |
| 22:01 | Build | Farm |
| 22:01 | Build | Farm |
| 22:01 | Build | Farm |
| 22:13 | Build | House |
| 22:19 | Build | House |
| 22:25 | Build | House |
| 22:29 | Build | House |
| 22:31 | Build | House |
| 22:39 | Build | House |
| 23:05 | Create | Villager (Male) |
| 23:11 | Build | Stable |
| 23:45 | Create | Camel Scout |
| 23:45 | Create | Camel Scout |
| 23:46 | Create | Camel Scout |
| 23:46 | Create | Camel Scout |
| 23:46 | Create | Camel Scout |
| 23:46 | Create | Camel Scout |
| 23:59 | Create | Villager (Male) |
| 24:00 | Create | Villager (Male) |
| 24:00 | Create | Villager (Male) |
| 24:01 | Create | Villager (Male) |
| 24:01 | Create | Villager (Male) |
| 24:01 | Create | Villager (Male) |
| 24:01 | Create | Villager (Male) |
| 24:02 | Create | Villager (Male) |
| 24:05 | Research | Scale Barding Armor |
| 24:08 | Build | Farm |
| 24:13 | Build | Mill |
| 24:14 | Build | Farm |
| 24:14 | Build | Farm |
| 24:14 | Build | Farm |
| 24:15 | Build | Farm |
| 24:15 | Build | Farm |
| 24:15 | Build | Farm |
| 24:15 | Build | Farm |
Build order — BlinkoMx
First 150 of 465 actions detected
| 0:22 | Build | Town Center |
| 2:19 | Create | Villager (Male) |
| 2:20 | Create | Villager (Male) |
| 2:20 | Create | Villager (Male) |
| 3:28 | Create | Villager (Male) |
| 3:29 | Create | Villager (Male) |
| 4:02 | Create | Villager (Male) |
| 4:47 | Create | Villager (Male) |
| 4:48 | Create | Villager (Male) |
| 4:48 | Create | Villager (Male) |
| 5:45 | Create | Villager (Male) |
| 5:45 | Create | Villager (Male) |
| 6:14 | Create | Villager (Male) |
| 6:32 | Build | Lumber Camp |
| 7:03 | Create | Villager (Male) |
| 7:03 | Create | Villager (Male) |
| 7:21 | Build | Mill |
| 8:11 | Create | Villager (Male) |
| 8:28 | Research | Feudal Age |
| 9:03 | Build | Barracks |
| 10:06 | Build | Mining Camp |
| 10:46 | Age | Feudal Age |
| 10:50 | Create | Villager (Male) |
| 10:50 | Create | Villager (Male) |
| 11:01 | Build | Stable |
| 11:20 | Build | Blacksmith |
| 12:02 | Research | Castle Age |
| 12:23 | Research | Gold Mining |
| 12:55 | Build | Stable |
| 12:59 | Research | Bloodlines |
| 13:34 | Create | Villager (Male) |
| 14:42 | Age | Castle Age |
| 14:46 | Create | Knight |
| 14:46 | Create | Knight |
| 14:59 | Create | Knight |
| 14:59 | Create | Knight |
| 15:03 | Create | Villager (Male) |
| 15:19 | Build | Farm |
| 15:20 | Build | Farm |
| 15:22 | Build | Farm |
| 15:26 | Create | Villager (Male) |
| 15:31 | Build | Farm |
| 15:32 | Build | Farm |
| 15:42 | Create | Knight |
| 15:42 | Create | Knight |
| 15:48 | Create | Villager (Male) |
| 16:26 | Create | Villager (Male) |
| 16:26 | Create | Villager (Male) |
| 16:27 | Create | Villager (Male) |
| 16:33 | Build | Farm |
| 16:38 | Create | Knight |
| 16:38 | Create | Knight |
| 16:59 | Create | Villager (Male) |
| 16:59 | Create | Villager (Male) |
| 17:21 | Create | Villager (Male) |
| 17:30 | Build | Farm |
| 17:32 | Build | Farm |
| 17:33 | Build | Farm |
| 17:34 | Build | Farm |
| 17:36 | Build | Farm |
| 18:02 | Create | Villager (Male) |
| 18:04 | Create | Knight |
| 18:05 | Create | Knight |
| 18:15 | Create | Villager (Male) |
| 18:20 | Build | Farm |
| 18:36 | Create | Villager (Male) |
| 18:43 | Create | Knight |
| 18:50 | Build | Farm |
| 18:52 | Build | Farm |
| 18:53 | Build | Farm |
| 19:21 | Create | Villager (Male) |
| 19:26 | Build | Farm |
| 19:31 | Research | Loom |
| 19:50 | Create | Villager (Male) |
| 19:50 | Create | Villager (Male) |
| 19:50 | Create | Villager (Male) |
| 20:29 | Create | Villager (Male) |
| 21:00 | Build | Town Center |
| 21:05 | Research | Wheelbarrow |
| 21:08 | Research | Double-Bit Axe |
| 21:13 | Build | Lumber Camp |
| 21:34 | Create | Villager (Male) |
| 21:37 | Create | Knight |
| 21:38 | Create | Knight |
| 21:53 | Create | Villager (Male) |
| 22:07 | Build | Mining Camp |
| 22:18 | Create | Villager (Male) |
| 22:18 | Create | Villager (Male) |
| 22:25 | Build | Farm |
| 22:26 | Build | Farm |
| 22:27 | Build | Farm |
| 22:28 | Build | Farm |
| 22:29 | Build | Farm |
| 22:30 | Create | Villager (Male) |
| 22:30 | Create | Villager (Male) |
| 22:31 | Create | Villager (Male) |
| 23:13 | Create | Villager (Male) |
| 23:14 | Create | Villager (Male) |
| 23:26 | Build | Farm |
| 23:27 | Build | Farm |
| 23:28 | Build | Farm |
| 23:29 | Build | Farm |
| 23:30 | Build | Farm |
| 23:52 | Create | Villager (Male) |
| 23:52 | Create | Villager (Male) |
| 23:53 | Create | Villager (Male) |
| 23:58 | Research | Bow Saw |
| 24:24 | Research | Husbandry |
| 24:30 | Build | Farm |
| 24:36 | Build | Archery Range |
| 25:00 | Create | Villager (Male) |
| 25:01 | Create | Villager (Male) |
| 25:03 | Build | Farm |
| 25:05 | Build | Farm |
| 25:05 | Build | Farm |
| 25:11 | Create | Villager (Male) |
| 25:11 | Create | Villager (Male) |
| 25:20 | Build | Archery Range |
| 25:46 | Create | Villager (Male) |
| 25:46 | Create | Villager (Male) |
| 25:50 | Research | Horse Collar |
| 25:53 | Create | Villager (Male) |
| 25:53 | Create | Villager (Male) |
| 25:53 | Create | Villager (Male) |
| 26:00 | Build | Archery Range |
| 26:24 | Build | Farm |
| 26:37 | Create | Villager (Male) |
| 26:37 | Create | Villager (Male) |
| 26:42 | Create | Villager (Male) |
| 26:42 | Create | Villager (Male) |
| 26:55 | Build | Mining Camp |
| 26:57 | Research | Gold Shaft Mining |
| 27:23 | Create | Villager (Male) |
| 27:23 | Create | Villager (Male) |
| 27:30 | Build | Lumber Camp |
| 27:37 | Build | Farm |
| 27:42 | Build | Mining Camp |
| 27:51 | Create | Villager (Male) |
| 27:51 | Create | Villager (Male) |
| 27:55 | Build | Farm |
| 28:00 | Build | Farm |
| 28:22 | Create | Villager (Male) |
| 28:22 | Create | Villager (Male) |
| 28:23 | Create | Villager (Male) |
| 28:29 | Research | Stone Mining |
| 28:42 | Build | Town Center |
| 28:47 | Create | Villager (Male) |
| 28:47 | Create | Villager (Male) |
| 28:48 | Create | Villager (Male) |
| 28:53 | Build | Lumber Camp |
Build order — alvaro_1450
132 actions detected in the replay
| 0:37 | Build | Town Center |
| 2:22 | Create | Villager (Male) |
| 2:22 | Create | Villager (Male) |
| 2:25 | Build | House |
| 2:26 | Build | House |
| 2:26 | Build | House |
| 2:32 | Research | Loom |
| 2:49 | Create | Villager (Male) |
| 2:49 | Create | Villager (Male) |
| 3:16 | Create | Villager (Male) |
| 3:45 | Create | Villager (Male) |
| 4:03 | Create | Villager (Male) |
| 4:04 | Create | Villager (Male) |
| 4:26 | Create | Villager (Male) |
| 4:51 | Create | Villager (Male) |
| 4:57 | Build | House |
| 5:26 | Create | Villager (Male) |
| 5:38 | Build | House |
| 5:54 | Create | Villager (Male) |
| 6:21 | Create | Villager (Male) |
| 6:35 | Create | Villager (Male) |
| 6:54 | Create | Villager (Male) |
| 7:10 | Build | Lumber Camp |
| 7:18 | Create | Villager (Male) |
| 7:34 | Create | Villager (Male) |
| 7:48 | Build | House |
| 7:50 | Build | House |
| 7:53 | Create | Villager (Male) |
| 8:23 | Build | Mill |
| 8:27 | Create | Villager (Male) |
| 9:14 | Create | Villager (Male) |
| 9:17 | Research | Feudal Age |
| 9:17 | Research | Feudal Age |
| 9:45 | Create | Villager (Male) |
| 10:34 | Build | Outpost |
| 10:36 | Build | Outpost |
| 11:08 | Build | Barracks |
| 11:27 | Age | Feudal Age |
| 11:27 | Research | Town Watch |
| 11:27 | Research | Town Watch |
| 11:28 | Create | Villager (Male) |
| 11:36 | Build | Farm |
| 11:39 | Create | Villager (Male) |
| 11:51 | Build | Market |
| 11:57 | Create | Villager (Male) |
| 12:03 | Build | Outpost |
| 12:15 | Research | Double-Bit Axe |
| 12:19 | Build | Farm |
| 12:30 | Create | Villager (Male) |
| 12:39 | Create | Eagle Scout |
| 12:43 | Build | Outpost |
| 12:47 | Create | Villager (Male) |
| 12:56 | Build | Farm |
| 13:00 | Build | Farm |
| 13:07 | Build | Farm |
| 13:17 | Create | Villager (Male) |
| 13:22 | Build | Outpost |
| 13:42 | Build | Farm |
| 13:45 | Build | Farm |
| 13:48 | Build | Farm |
| 13:50 | Build | Farm |
| 13:58 | Create | Villager (Male) |
| 14:01 | Build | Blacksmith |
| 14:07 | Build | Farm |
| 14:10 | Build | Farm |
| 14:18 | Build | Outpost |
| 14:22 | Create | Villager (Male) |
| 14:31 | Create | Villager (Male) |
| 14:35 | Build | Farm |
| 14:37 | Build | Farm |
| 14:55 | Build | Outpost |
| 15:03 | Create | Villager (Male) |
| 15:05 | Build | House |
| 15:11 | Build | Mining Camp |
| 15:14 | Create | Villager (Male) |
| 15:17 | Build | Farm |
| 15:28 | Create | Spearman |
| 15:29 | Create | Spearman |
| 15:30 | Create | Spearman |
| 15:35 | Build | House |
| 15:40 | Research | Forging |
| 15:40 | Research | Forging |
| 15:46 | Build | Mining Camp |
| 15:52 | Create | Spearman |
| 15:56 | Build | House |
| 16:21 | Create | Spearman |
| 16:31 | Create | Spearman |
| 16:32 | Create | Spearman |
| 16:40 | Build | Farm |
| 16:57 | Create | Spearman |
| 16:57 | Create | Spearman |
| 16:58 | Create | Spearman |
| 17:12 | Build | Farm |
| 17:22 | Create | Spearman |
| 17:22 | Create | Spearman |
| 17:23 | Create | Spearman |
| 18:12 | Create | Spearman |
| 18:12 | Create | Spearman |
| 18:12 | Create | Spearman |
| 18:13 | Create | Spearman |
| 18:23 | Build | Watch Tower |
| 18:30 | Create | Spearman |
| 18:31 | Create | Spearman |
| 19:05 | Build | Watch Tower |
| 19:14 | Create | Villager (Male) |
| 19:58 | Research | Fletching |
| 19:59 | Research | Fletching |
| 20:04 | Build | Farm |
| 20:06 | Build | Farm |
| 20:11 | Build | Farm |
| 20:16 | Build | House |
| 20:34 | Build | Farm |
| 20:41 | Create | Villager (Male) |
| 20:42 | Create | Villager (Male) |
| 20:42 | Create | Villager (Male) |
| 20:42 | Create | Villager (Male) |
| 20:59 | Create | Villager (Male) |
| 21:19 | Research | Scale Mail Armor |
| 21:23 | Create | Villager (Male) |
| 21:23 | Create | Villager (Male) |
| 21:24 | Create | Villager (Male) |
| 21:32 | Build | House |
| 21:43 | Create | Spearman |
| 21:43 | Create | Spearman |
| 21:44 | Create | Spearman |
| 21:53 | Create | Villager (Male) |
| 21:53 | Create | Villager (Male) |
| 22:16 | Create | Villager (Male) |
| 22:47 | Build | Watch Tower |
| 26:33 | Build | Lumber Camp |
| 38:10 | Build | Mining Camp |
| 45:01 | Build | Watch Tower |
Build order — RKs Raggz
First 150 of 505 actions detected
| 1:20 | Build | Town Center |
| 1:56 | Build | House |
| 1:58 | Build | House |
| 2:38 | Create | Villager (Male) |
| 2:39 | Create | Villager (Male) |
| 2:39 | Create | Villager (Male) |
| 3:01 | Create | Villager (Male) |
| 3:48 | Build | House |
| 3:52 | Create | Villager (Male) |
| 3:52 | Create | Villager (Male) |
| 4:14 | Create | Villager (Male) |
| 4:20 | Research | Loom |
| 4:22 | Create | Villager (Male) |
| 4:23 | Create | Villager (Male) |
| 4:45 | Create | Villager (Male) |
| 5:49 | Create | Villager (Male) |
| 6:08 | Create | Villager (Male) |
| 6:16 | Build | Mill |
| 6:32 | Create | Villager (Male) |
| 6:44 | Build | Palisade Wall |
| 6:55 | Create | Villager (Male) |
| 7:32 | Build | House |
| 7:39 | Create | Villager (Male) |
| 8:00 | Create | Villager (Male) |
| 8:22 | Create | Villager (Male) |
| 8:58 | Create | Villager (Male) |
| 9:08 | Build | Lumber Camp |
| 9:18 | Build | Mining Camp |
| 9:36 | Research | Feudal Age |
| 10:55 | Build | Palisade Wall |
| 10:58 | Build | Palisade Wall |
| 11:02 | Build | Palisade Wall |
| 11:07 | Build | Palisade Wall |
| 11:27 | Create | Villager (Male) |
| 11:27 | Create | Villager (Male) |
| 11:50 | Build | Market |
| 11:55 | Build | Blacksmith |
| 12:08 | Research | Double-Bit Axe |
| 12:48 | Research | Castle Age |
| 13:38 | Build | Barracks |
| 13:57 | Research | Fletching |
| 14:22 | Create | Villager (Male) |
| 14:22 | Create | Villager (Male) |
| 14:36 | Build | Archery Range |
| 15:05 | Build | Archery Range |
| 15:28 | Research | Bodkin Arrow |
| 15:40 | Create | Cavalry Archer |
| 15:48 | Create | Cavalry Archer |
| 15:54 | Create | Villager (Male) |
| 16:14 | Create | Cavalry Archer |
| 16:17 | Create | Cavalry Archer |
| 16:18 | Create | Villager (Male) |
| 16:21 | Create | Cavalry Archer |
| 16:26 | Create | Cavalry Archer |
| 16:29 | Create | Cavalry Archer |
| 16:33 | Create | Cavalry Archer |
| 16:38 | Build | House |
| 16:39 | Build | House |
| 16:41 | Create | Villager (Male) |
| 16:55 | Create | Cavalry Archer |
| 17:19 | Create | Villager (Male) |
| 17:30 | Create | Villager (Male) |
| 17:36 | Build | Farm |
| 17:40 | Build | Farm |
| 17:41 | Build | Farm |
| 17:47 | Build | Farm |
| 18:19 | Create | Cavalry Archer |
| 18:23 | Build | Siege Workshop |
| 18:29 | Create | Cavalry Archer |
| 18:29 | Create | Cavalry Archer |
| 18:29 | Create | Villager (Male) |
| 18:37 | Build | Farm |
| 18:43 | Build | Farm |
| 18:45 | Create | Villager (Male) |
| 18:55 | Build | House |
| 19:10 | Build | House |
| 19:12 | Create | Cavalry Archer |
| 19:12 | Create | Cavalry Archer |
| 19:32 | Create | Battering Ram |
| 19:45 | Build | House |
| 19:45 | Create | Villager (Male) |
| 19:54 | Build | Farm |
| 20:03 | Create | Battering Ram |
| 20:08 | Create | Villager (Male) |
| 20:16 | Build | House |
| 20:18 | Create | Battering Ram |
| 20:30 | Create | Villager (Male) |
| 20:45 | Create | Battering Ram |
| 20:49 | Create | Cavalry Archer |
| 20:59 | Create | Cavalry Archer |
| 21:13 | Build | House |
| 21:34 | Create | Battering Ram |
| 21:35 | Create | Villager (Male) |
| 21:42 | Create | Cavalry Archer |
| 21:46 | Research | Padded Archer Armor |
| 21:54 | Build | House |
| 21:56 | Build | House |
| 22:10 | Build | Mining Camp |
| 22:24 | Create | Villager (Male) |
| 22:54 | Create | Villager (Male) |
| 23:17 | Create | Villager (Male) |
| 23:49 | Create | Villager (Male) |
| 24:07 | Create | Villager (Male) |
| 24:11 | Create | Cavalry Archer |
| 24:11 | Create | Cavalry Archer |
| 24:11 | Create | Cavalry Archer |
| 24:11 | Create | Cavalry Archer |
| 24:53 | Create | Cavalry Archer |
| 24:53 | Create | Cavalry Archer |
| 24:55 | Create | Villager (Male) |
| 25:00 | Build | Town Center |
| 25:15 | Build | Farm |
| 25:17 | Build | Farm |
| 25:19 | Build | Farm |
| 25:24 | Create | Cavalry Archer |
| 25:24 | Create | Cavalry Archer |
| 25:48 | Create | Cavalry Archer |
| 25:48 | Create | Cavalry Archer |
| 26:12 | Create | Cavalry Archer |
| 26:12 | Create | Cavalry Archer |
| 26:29 | Create | Cavalry Archer |
| 26:29 | Create | Cavalry Archer |
| 26:55 | Create | Cavalry Archer |
| 26:55 | Create | Cavalry Archer |
| 27:00 | Create | Villager (Male) |
| 27:00 | Create | Villager (Male) |
| 27:05 | Build | Lumber Camp |
| 27:17 | Build | House |
| 27:21 | Create | Villager (Male) |
| 27:21 | Create | Villager (Male) |
| 27:26 | Build | Farm |
| 27:26 | Build | Farm |
| 27:26 | Build | Farm |
| 27:31 | Build | Farm |
| 27:33 | Build | Farm |
| 27:35 | Build | Farm |
| 27:44 | Create | Cavalry Archer |
| 27:44 | Create | Cavalry Archer |
| 27:46 | Create | Cavalry Archer |
| 27:47 | Create | Villager (Male) |
| 27:52 | Create | Villager (Male) |
| 27:52 | Create | Villager (Male) |
| 27:58 | Create | Villager (Male) |
| 28:16 | Create | Battering Ram |
| 28:23 | Create | Villager (Male) |
| 29:03 | Create | Cavalry Archer |
| 29:03 | Create | Cavalry Archer |
| 29:13 | Build | University |
| 29:15 | Create | Villager (Male) |
| 29:15 | Create | Villager (Male) |
Build order — MPW_SCRaTCH
First 150 of 369 actions detected
| 0:21 | Build | Town Center |
| 2:54 | Create | Villager (Male) |
| 2:54 | Create | Villager (Male) |
| 2:55 | Create | Villager (Male) |
| 3:02 | Research | Loom |
| 3:04 | Build | House |
| 3:29 | Build | House |
| 3:38 | Create | Villager (Male) |
| 3:38 | Create | Villager (Male) |
| 3:39 | Create | Villager (Male) |
| 3:39 | Create | Villager (Male) |
| 4:52 | Build | Lumber Camp |
| 5:08 | Create | Villager (Male) |
| 5:08 | Create | Villager (Male) |
| 5:08 | Create | Villager (Male) |
| 5:28 | Create | Villager (Male) |
| 5:46 | Build | House |
| 6:11 | Create | Villager (Male) |
| 6:12 | Create | Villager (Male) |
| 7:09 | Create | Villager (Male) |
| 7:09 | Create | Villager (Male) |
| 7:16 | Build | House |
| 8:12 | Create | Villager (Male) |
| 8:33 | Create | Villager (Male) |
| 8:49 | Create | Villager (Male) |
| 9:02 | Build | Mill |
| 9:13 | Create | Villager (Male) |
| 9:50 | Create | Villager (Male) |
| 10:03 | Research | Feudal Age |
| 11:46 | Create | Villager (Male) |
| 12:28 | Age | Feudal Age |
| 12:30 | Build | Market |
| 12:33 | Build | Blacksmith |
| 12:40 | Research | Town Watch |
| 13:06 | Research | Castle Age |
| 14:08 | Research | Double-Bit Axe |
| 14:08 | Research | Double-Bit Axe |
| 14:32 | Build | House |
| 15:39 | Create | Villager (Male) |
| 15:40 | Create | Villager (Male) |
| 15:58 | Age | Castle Age |
| 16:02 | Research | Bow Saw |
| 16:06 | Build | Town Center |
| 16:17 | Research | Horse Collar |
| 16:21 | Build | Farm |
| 16:22 | Build | Farm |
| 16:33 | Build | Farm |
| 16:34 | Create | Villager (Male) |
| 16:35 | Create | Villager (Male) |
| 16:45 | Build | Farm |
| 17:21 | Research | Fletching |
| 17:22 | Create | Villager (Male) |
| 17:22 | Create | Villager (Male) |
| 17:28 | Create | Villager (Male) |
| 17:29 | Create | Villager (Male) |
| 17:52 | Build | Town Center |
| 17:58 | Create | Villager (Male) |
| 17:58 | Create | Villager (Male) |
| 18:26 | Create | Villager (Male) |
| 18:57 | Create | Villager (Male) |
| 18:57 | Create | Villager (Male) |
| 19:01 | Build | Farm |
| 19:03 | Build | Farm |
| 19:04 | Build | Farm |
| 19:07 | Build | Barracks |
| 19:42 | Create | Villager (Male) |
| 19:44 | Create | Villager (Male) |
| 19:45 | Create | Villager (Male) |
| 19:51 | Build | Farm |
| 19:54 | Build | Farm |
| 19:56 | Build | Farm |
| 19:57 | Build | Farm |
| 20:02 | Build | Farm |
| 20:03 | Build | Farm |
| 20:07 | Build | Farm |
| 20:08 | Build | Farm |
| 20:10 | Create | Spearman |
| 20:10 | Create | Spearman |
| 20:15 | Build | Farm |
| 20:21 | Build | Farm |
| 20:35 | Create | Spearman |
| 20:35 | Create | Spearman |
| 20:41 | Build | Outpost |
| 20:47 | Build | Farm |
| 20:48 | Build | Farm |
| 20:50 | Create | Villager (Male) |
| 20:58 | Build | Farm |
| 20:59 | Build | Farm |
| 21:00 | Build | Farm |
| 21:08 | Create | Spearman |
| 21:15 | Build | Farm |
| 21:17 | Build | Farm |
| 21:25 | Build | Farm |
| 21:36 | Build | House |
| 21:40 | Build | House |
| 21:45 | Research | Scale Mail Armor |
| 21:49 | Create | Spearman |
| 21:49 | Create | Villager (Male) |
| 21:50 | Create | Villager (Male) |
| 22:06 | Build | Mining Camp |
| 22:11 | Create | Villager (Male) |
| 22:12 | Create | Villager (Male) |
| 22:12 | Create | Villager (Male) |
| 22:13 | Create | Villager (Male) |
| 22:15 | Create | Villager (Male) |
| 22:21 | Build | Farm |
| 22:22 | Build | Farm |
| 22:26 | Create | Spearman |
| 22:28 | Research | Squires |
| 22:37 | Build | House |
| 22:43 | Create | Spearman |
| 22:43 | Create | Spearman |
| 22:52 | Create | Villager (Male) |
| 22:53 | Create | Villager (Male) |
| 22:57 | Build | House |
| 23:03 | Build | House |
| 23:05 | Build | House |
| 23:13 | Create | Villager (Male) |
| 23:13 | Create | Villager (Male) |
| 23:46 | Research | Forging |
| 23:47 | Create | Villager (Male) |
| 23:48 | Create | Villager (Male) |
| 23:48 | Create | Villager (Male) |
| 23:59 | Build | Town Center |
| 24:01 | Create | Villager (Male) |
| 24:02 | Create | Villager (Male) |
| 24:06 | Create | Spearman |
| 24:06 | Create | Spearman |
| 24:18 | Research | Stone Mining |
| 24:37 | Create | Spearman |
| 24:38 | Create | Spearman |
| 24:38 | Create | Villager (Male) |
| 24:39 | Create | Villager (Male) |
| 24:44 | Build | Farm |
| 24:45 | Build | Farm |
| 24:48 | Create | Villager (Male) |
| 24:48 | Create | Villager (Male) |
| 25:09 | Create | Villager (Male) |
| 25:09 | Create | Villager (Male) |
| 25:11 | Create | Villager (Male) |
| 25:27 | Create | Villager (Male) |
| 25:27 | Create | Villager (Male) |
| 25:49 | Create | Villager (Male) |
| 25:50 | Create | Villager (Male) |
| 25:54 | Create | Villager (Male) |
| 26:11 | Build | House |
| 26:19 | Create | Villager (Male) |
| 26:20 | Create | Villager (Male) |
| 26:20 | Create | Villager (Male) |
| 26:20 | Create | Villager (Male) |
Match timeline
| 6:44 | RKs Raggz · wall_segment Palisade Wall x1 |
| 9:03 | BlinkoMx · first_building Barracks |
| 10:46 | BlinkoMx · age_up feudal |
| 10:55 | RKs Raggz · wall_segment Palisade Wall x1 |
| 10:58 | RKs Raggz · wall_segment Palisade Wall x1 |
| 11:01 | BlinkoMx · first_building Stable |
| 11:02 | RKs Raggz · wall_segment Palisade Wall x1 |
| 11:07 | RKs Raggz · wall_segment Palisade Wall x1 |
| 11:08 | alvaro_1450 · first_building Barracks |
| 11:27 | alvaro_1450 · age_up feudal |
| 11:34 | BoogStasher3000 · age_up feudal |
| 11:56 | BoogStasher3000 · first_building Barracks |
| 12:12 | WaffNub · first_building Barracks |
| 12:28 | MPW_SCRaTCH · age_up feudal |
| 12:46 | RKs Raggz · first_market_sell 100 food |
| 13:10 | BoogStasher3000 · first_building Stable |
| 13:38 | RKs Raggz · first_building Barracks |
| 13:59 | BoogStasher3000 · wall_segment Palisade Wall x1 |
| 14:06 | BoogStasher3000 · wall_segment Palisade Wall x7 |
| 14:19 | WaffNub · age_up feudal |
| 14:22 | WaffNub · first_building Stable |
| 14:36 | RKs Raggz · first_building Archery Range |
| 14:42 | BlinkoMx · age_up castle |
| 15:04 | BoogStasher3000 · wall_segment Palisade Wall x11 |
| 15:58 | MPW_SCRaTCH · age_up castle |
| 16:30 | BoogStasher3000 · age_up castle |
| 18:23 | RKs Raggz · first_building Siege Workshop |
| 19:00 | alvaro_1450 · first_market_sell 100 food |
| 19:01 | alvaro_1450 · first_market_buy 100 stone |
| 19:07 | MPW_SCRaTCH · first_building Barracks |
| 22:57 | WaffNub · first_market_sell 100 food |
| 24:03 | WaffNub · wall_segment Palisade Wall x1 |
| 24:36 | BlinkoMx · first_building Archery Range |
| 25:38 | WaffNub · age_up castle |
| 25:40 | WaffNub · first_building Siege Workshop |
| 26:06 | BoogStasher3000 · first_building Archery Range |
| 27:13 | MPW_SCRaTCH · first_market_sell 100 food |
| 27:15 | MPW_SCRaTCH · first_market_buy 100 stone |
| 28:04 | MPW_SCRaTCH · first_building Castle |
| 29:40 | BlinkoMx · first_building Castle |
| 29:40 | RKs Raggz · first_market_buy 100 food |
| 31:09 | RKs Raggz · first_building Stable |
| 33:26 | BoogStasher3000 · first_building Castle |
| 34:09 | BlinkoMx · first_building Siege Workshop |
| 34:34 | BlinkoMx · age_up imperial |
| 35:31 | BoogStasher3000 · first_market_sell 100 wood |
| 38:44 | BoogStasher3000 · age_up imperial |
| 39:09 | RKs Raggz · first_building Castle |
| 39:35 | WaffNub · first_building Castle |
| 44:43 | MPW_SCRaTCH · first_building Monastery |
| 46:48 | WaffNub · age_up imperial |
| 47:08 | MPW_SCRaTCH · age_up imperial |
| 49:20 | WaffNub · first_market_buy 100 stone |
| 49:36 | BoogStasher3000 · resign |
[ AI ANALYSIS · 1 CREDIT ]
What really happened in this match?
Wolo.gg analyzes every decision: build order, eco, micro, common mistakes by bracket. Personalized analysis on WhatsApp or Discord in 30 seconds.
Civ guide
Slavs
Perfil
Jugador #2561946